 Dungeon Crawl Stone Soup version 0.27-b1-23-g44b8eac545 (webtiles) character file.

Game seed: 12900031849335549299

2294 oldmanjim the Cleaver (level 9, -4/73 (79) HPs)
             Began as a Hill Orc Monk on July 27, 2021.
             Was an Elder of Beogh.
             Slain by a wight (11 damage)
             ... on level 8 of the Dungeon.
             The game lasted 01:03:10 (11035 turns).

oldmanjim the Cleaver (Hill Orc Monk)              Turns: 11035, Time: 01:03:11

HP:   -4/73 (79)    AC:  6    Str: 17    XL:     9   Next: 40%
MP:   12/15         EV: 12    Int: 10    God:    Beogh [****..]
Gold: 223           SH:  0    Dex: 13    Spells: 8/8 levels left

rFire    . . .     SeeInvis +   a - +0 war axe
rCold    + . .     Faith    +   (no shield)
rNeg     . . .     Spirit   .   w - +2 leather armour {rC+}
rPois    .         Reflect  .   (no helmet)
rElec    .         Harm     .   B - +0 cloak
rCorr    .         Rampage  .   (no gloves)
Will     .....                  (no boots)
Stlth    ++........             x - amulet of faith
HPRegen  0.22/turn              m - ring of flight
MPRegen  0.14/turn              p - ring of see invisible

@: flying, drained
A: no striking features
a: Renounce Religion, Smiting, Recall Orcish Followers


You were on level 8 of the Dungeon.
You worshipped Beogh.
Beogh was greatly pleased with you.
You visited 1 branch of the dungeon, and saw 8 of its levels.
You also visited: Ossuary.

You collected 223 gold pieces.

Inventory:

Hand Weapons
 a - a +0 war axe (weapon)
 b - a +0 hunting sling
 i - the +2 rapier "Obrolyikh" {pain, Will++}
   (You found it on level 7 of the Dungeon)

   In the hands of one skilled in necromantic magic, it inflicts extra damage on
   living creatures.
   Will:      It greatly increases your willpower.
 I - a +0 bardiche
Missiles
 d - 9 bolts
 e - 10 poisoned darts (quivered)
 f - 72 arrows
 g - 251 stones
 k - 7 silver javelins
 o - 25 sling bullets
 s - 7 datura-tipped darts
 K - a throwing net
Armour
 w - a +2 leather armour of cold resistance (worn)
 y - a +0 chain mail
 B - a +0 cloak (worn)
Jewellery
 m - a ring of flight (left hand)
 p - a ring of see invisible (right hand)
 x - an amulet of faith (around neck)
 F - a +6 ring of intelligence
Wands
 n - a wand of polymorph (4)
Scrolls
 c - a scroll of identify
 h - a scroll of blinking {unknown}
 l - 3 scrolls of teleportation
 q - a scroll of acquirement {unknown}
 t - 2 scrolls of fog {unknown}
 u - a scroll of enchant armour {unknown}
 C - 3 scrolls of magic mapping {unknown}
 E - a scroll of vulnerability {unknown}
 G - 2 scrolls of noise {unknown}
 L - a scroll of fear {unknown}
Potions
 j - 2 potions of heal wounds
 r - 4 potions of lignification
 v - 4 potions of haste
 A - 2 potions of mutation
 D - a potion of invisibility
 H - a potion of might
 J - a potion of curing


   Skills:
 + Level 7.3 Fighting
 + Level 10.9 Axes
 - Level 3.0 Armour
 - Level 2.4 Dodging
 - Level 1.5 Stealth
 + Level 9.2 Invocations


You had 8 spell levels left.
You didn't know any spells.
Your spell library contained the following spells:

 Spells                   Type           Power      Damage    Failure   Level
 Blink                    Tloc           N/A        N/A       56%         2
 Static Discharge         Conj/Air       0%         N/A       56%         2
 Sublimation of Blood     Necr           0%         N/A       56%         2
 Lesser Beckoning         Tloc           0%         N/A       80%         3
 Dispel Undead            Necr           0%         3d6       99%         4
 Petrify                  Tmut/Erth      0%         N/A       99%         4
 Sticky Flame             Conj/Fire      0%         2d3       99%         4
 Irradiate                Conj/Tmut      0%         3d13      100%        5
 Manifold Assault         Tloc           0%         N/A       100%        5


Dungeon Overview and Level Annotations

Branches:
Dungeon (8/15)             Temple (0/1) D:7         Ossuary (visited)
   Lair: D:8-11

Altars:
Cheibriados
Fedhas
Gozag
Okawaru
Vehumet
Yredelemnul
The Shining One

Shops:
D:7 (


Message History

The wight is almost destroyed.
Your orc hits the wight with a +0 hand axe.
The wight is destroyed!
Beogh accepts your kill.
Your orc looks more experienced.
A wight comes into view. It is wielding a +0 scimitar.
Things that are here:
a +4 mace; a +0 robe You swap places.
You swap places.
The wight hits you with a +0 scimitar.
You feel drained.
You closely miss the wight. The wight hits you with a +0 scimitar.
* * * LOW HITPOINT WARNING * * *
You feel drained.
* * * LOW HITPOINT WARNING * * *
You hit the wight.
The wight is lightly damaged.
The wight hits you with a +0 scimitar.
* * * LOW HITPOINT WARNING * * *
You hit the wight.
The wight is moderately damaged.
The wight barely misses you.
You slash the wight!
The wight is severely damaged.
The wight hits you with a +0 scimitar.
* * * LOW HITPOINT WARNING * * *
You swap places.
Your orc warrior barely misses the wight.
The wight hits your orc warrior with a +0 scimitar!
The wight drains your orc warrior.
Aiming: Smiting
Press: ? - help, Dir - move target, f - wight Smite: a wight, wielding a +4 flail and wearing a +0 robe You smite the wight!
You destroy the wight!
Beogh accepts your kill.
Your orc warrior hits the wight with a +0 mace.
The wight hits your orc warrior but does no damage.
You swap places.
The wight hits you with a +0 scimitar!
You die...

.# ### .# #.# ### .#
#.###.## .# #.#..$.#
.####.#....############.#
........).....)z@oo.....#
....(.##..#############.#
......##.....
..#............
....>...........
#.#.##....##...#
#.#.##..... .z..
#.#.##...z# ..# #....
....


You could see a wight (ally target), a friendly orc warrior (drained) and a
friendly orc.

Vanquished Creatures
  A water moccasin (D:7)
  2 sky beasts
  A black bear (D:7)
  2 necrophages
  3 ogres
  4 water moccasin zombies (Ossuary)
  2 killer bees (D:7)
  A wight (D:8)
  A centaur zombie (D:7)
  A hound (D:6)
  3 jellies
  2 orc priests (D:7)
  A centaur skeleton (D:5)
  2 iguanas
  A killer bee zombie (D:5)
  3 mummies
  Robin (D:2)
  4 gnolls
  3 adders
  3 ufetubi
  3 adder zombies (Ossuary)
  An adder skeleton (D:4)
  9 dart slugs
  8 orcs
  3 ball pythons
  5 bats
  10 endoplasms
  7 giant cockroaches
  2 gnoll zombies (Ossuary)
  17 goblins
  5 hobgoblins
  16 jackals
  4 quokkas
  5 frilled lizards
  5 hobgoblin zombies (Ossuary)
  A jackal skeleton (D:4)
  5 kobolds
  3 kobold zombies (Ossuary)
  9 orc zombies (Ossuary)
  A quokka skeleton (D:4)
  3 rats
  A spectral orc (D:7)
164 creatures vanquished.

Vanquished Creatures (collateral kills)
  A black bear (D:6)
  A sky beast (D:7)
  An ice beast (D:7)
  3 necrophages (D:6)
  An ogre (D:6)
  A centaur (D:7)
  A kobold brigand (D:8)
  A killer bee (D:7)
  2 wights (D:8)
  A howler monkey (D:6)
  An orc priest (D:6)
  A bullfrog skeleton (D:6)
  A centaur skeleton (D:7)
  2 orc wizards (D:6)
  A white imp (D:6)
  4 orcs
  2 kobolds (D:8)
25 creatures vanquished.

Vanquished Creatures (others)
  An orc priest (D:7)
  2 orc wizards
  7 orcs
  A ball python (D:3)
11 creatures vanquished.

Grand Total: 200 creatures vanquished

Notes
Turn   | Place    | Note
-------+----------+-------------------------------------------
     0 | D:1      | oldmanjim the Hill Orc Monk began the quest for the Orb.
     0 | D:1      | Reached XP level 1. HP: 19/19 MP: 1/1
   161 | D:1      | Reached XP level 2. HP: 27/27 MP: 2/2
   342 | D:1      | Reached XP level 3. HP: 10/34 MP: 3/3
   717 | D:1      | Found a faded altar of an unknown god.
   787 | D:1      | Reached skill level 5 in Axes
  1934 | D:2      | Reached XP level 4. HP: 41/41 MP: 4/4
  1969 | D:2      | Noticed Robin
  1992 | D:2      | Killed Robin
  2026 | D:2      | Reached skill level 5 in Fighting
  2906 | D:3      | Became a worshipper of Beogh the Brigand
  2906 | D:3      | Reached * piety under Beogh
  2906 | D:3      | Reached ** piety under Beogh
  3091 | D:3      | Reached XP level 5. HP: 26/48 MP: 5/5
  3264 | D:3      | Reached skill level 1 in Invocations
  3572 | D:3      | Found a glowing golden altar of the Shining One.
  3575 | D:3      | Found an opulent altar of Gozag.
  3575 | D:3      | Found a snail-covered altar of Cheibriados.
  3577 | D:3      | Found an iron altar of Okawaru.
  3577 | D:3      | Found a blossoming altar of Fedhas.
  3911 | D:3      | Reached skill level 6 in Axes
  5548 | D:4      | Found a radiant altar of Vehumet.
  5591 | D:4      | Noticed an ogre
  5597 | D:4      | Killed an ogre
  5598 | D:4      | Reached XP level 6. HP: 24/57 MP: 0/8
  5910 | D:4      | Noticed a sky beast
  5931 | D:4      | Killed a sky beast
  5932 | D:4      | Reached skill level 7 in Axes
  6328 | D:5      | Entered Level 5 of the Dungeon
  6346 | D:5      | Found a sand-covered staircase.
  6365 | Ossuary  | Entered an ossuary
  6518 | Ossuary  | Reached XP level 7. HP: 48/63 MP: 10/10
  6638 | Ossuary  | Reached *** piety under Beogh
  6782 | Ossuary  | Reached skill level 8 in Axes
  6782 | Ossuary  | Reached skill level 5 in Invocations
  7036 | Ossuary  | Reached skill level 1 in Armour
  8057 | D:6      | Reached XP level 8. HP: 45/70 MP: 12/12
  8560 | D:6      | Reached skill level 9 in Axes
  8597 | D:6      | Reached **** piety under Beogh
  9613 | D:7      | Reached skill level 10 in Axes
  9623 | D:7      | Reached XP level 9. HP: 23/78 MP: 7/15
  9624 | D:7      | Found a staircase to the Ecumenical Temple.
 10267 | D:7      | Found a basalt altar of Yredelemnul.
 10725 | D:7      | Found Kistu's Antique Weapon Boutique.
 10739 | D:7      | Identified the +2 rapier "Obrolyikh" {pain, Will++}
 11035 | D:8      | Slain by a wight

Illustrated notes

Levels and vault maps discovered:
D:1:      lemuel_arrival_room, layout_basic, hellmonk_ecumenical_altar_zigzags
D:2:      layout_loops_corners, uniq_robin
D:3:      layout_basic, grunt_temple_overflow_open
D:4:      kennysheep_the_goblin_king, layout_rooms,
          mainiacjoe_overflow_tiny_flanked
D:5:      layout_loops_ring, gup_ossuary_entry_pyramid
D:6:      layout_layer_cave, grunt_ministairs_8
D:7:      layout_cave_pools, yredelemnul_forgotten_temple_becter,
          minmay_temple_entry_large_hall, serial_shops, shop
D:8:      layout_basic, enter_bailey_3

Skill      XL: |  1  2  3  4  5  6  7  8  9 |
---------------+----------------------------+-----
Fighting       | 4 5 6 7 |  7.3
Axes           | 5 6 7 8 10 | 10.9
Invocations    | 2 4 6 8 9 |  9.2
Armour         | 2 3 |  3.0
Dodging        | |  2.4
Stealth        | |  1.5

Action                   |  1- 3 |  4- 6 |  7- 9 || total
-------------------------+-------+-------+-------++-------
Melee: Hand axe          |   115 |   266 |   213 ||   594
       Unarmed           |       |     6 |       ||     6
       War axe           |       |       |    75 ||    75
 Fire: Hunting sling     |       |     3 |    21 ||    24
Throw: Dart              |       |     9 |       ||     9
       Javelin           |       |     1 |     4 ||     5
Invok: Convert to Beogh  |       |     1 |       ||     1
       Smiting           |       |     3 |     4 ||     7
       Recall Orcish Fol |       |       |     1 ||     1
  Use: Scroll            |       |       |    12 ||    12
 Stab: Sleeping          |     7 |     6 |     2 ||    15
       Distracted        |       |       |     2 ||     2
Armor: Robe              |    21 |       |       ||    21
       Leather armour    |     7 |    64 |    77 ||   148
       Ring mail         |       |     4 |       ||     4
Dodge: Dodged            |   115 |   164 |   167 ||   446
